 Dungeon Crawl Stone Soup version 0.27.0-1-g7a089689b8 (webtiles) character file.

Game seed: 3038599338144243575

11281 dtburroughs the Cleaver (level 11, 0/148 HPs)
             Began as a Minotaur Berserker on Aug 8, 2021.
             Was a High Priest of Trog.
             Succumbed to a black mamba's poison
             ... on level 1 of the Lair of Beasts.
             The game lasted 00:26:19 (14748 turns).

dtburroughs the Cleaver (Minotaur Berserker)       Turns: 14748, Time: 00:26:20

Health: 0/148      AC: 14    Str: 21    XL:     11   Next: 47%
Magic:  10/10      EV:  9    Int:  7    God:    Trog [*****.]
Gold:   675        SH:  0    Dex: 11    Spells: 10/10 levels left

rFire    + . .     SeeInvis .   c - +5 morningstar
rCold    + . .     Faith    .   (no shield)
rNeg     . . .     Spirit   .   p - +0 plate armour
rPois    .         Reflect  .   (helmet restricted)
rElec    .         Harm     .   r - scarf {shadows}
rCorr    .         Rampage  .   (no gloves)
Will     .....                  (no boots)
Stlth    ..........             (no amulet)
HPRegen  0.34/turn              q - ring of protection from fire
MPRegen  0.12/turn              H - ring of protection from cold

@: berserking, lethally poisoned (0 -> -26), very quick
A: horns 2, retaliatory headbutt
a: Renounce Religion, Berserk, Trog's Hand, Brothers in Arms


You were on level 1 of the Lair of Beasts.
You worshipped Trog.
Trog was extremely pleased with you.
You visited 2 branches of the dungeon, and saw 11 of its levels.
You also visited: Sewer and Bailey.

You collected 840 gold pieces.
You spent 165 gold pieces at shops.

Inventory:

Hand Weapons
 c - a +5 morningstar (weapon)
 e - a +4 hand axe
 l - a +0 vorpal hand axe
 y - a +0 war axe
 K - a +5 battleaxe
 S - a +0 antimagic battleaxe
Missiles
 E - 10 throwing nets (quivered)
Armour
 p - a +0 plate armour (worn)
 r - a scarf of shadows (worn)
 t - a +1 buckler of protection
 P - the +0 ring mail "Danyikh" {*Corrode rPois Str+5 Dex+2}
   (You found it on level 9 of the Dungeon)

   Str:       It affects your strength (+5).
   Dex:       It affects your dexterity (+2).
   rPois:     It protects you from poison.
   *Corrode:  It may corrode you when you take damage.
Jewellery
 q - a ring of protection from fire (left hand)
 H - a ring of protection from cold (right hand)
 N - a ring of protection from cold
Wands
 n - a wand of iceblast (1)
Scrolls
 a - 3 scrolls of enchant armour
 d - 6 scrolls of teleportation
 f - a scroll of amnesia {unknown}
 i - 2 scrolls of torment
 k - 4 scrolls of vulnerability
 o - 4 scrolls of noise
 u - 2 scrolls of fog
 w - 3 scrolls of brand weapon {unknown}
 C - a scroll of blinking {unknown}
 F - 2 scrolls of acquirement {unknown}
 G - 2 scrolls of immolation {unknown}
 I - 3 scrolls of magic mapping {unknown}
 M - 2 scrolls of enchant weapon {unknown}
 R - 2 scrolls of fear {unknown}
 T - a scroll of holy word {unknown}
Potions
 b - 4 potions of might
 g - 2 potions of invisibility
 h - 2 potions of attraction {unknown}
 j - 4 potions of curing
 m - a potion of resistance {unknown}
 s - a potion of ambrosia {unknown}
 v - a potion of experience {unknown}
 x - 2 potions of haste
 z - 3 potions of brilliance {unknown}
 A - a potion of degeneration {unknown}
 B - a potion of magic {unknown}
 D - a potion of lignification {unknown}
 J - 3 potions of heal wounds {unknown}
 L - a potion of flight {unknown}
 O - a potion of mutation {unknown}
 Q - a potion of berserk rage {unknown}


   Skills:
 + Level 10.1 Fighting
 + Level 10.1 Axes
 + Level 9.6 Armour
 + Level 9.1 Dodging
 + Level 7.9 Shields
 + Level 5.9 Evocations


You had 10 spell levels left.
You didn't know any spells.
Your spell library was empty.

Dungeon Overview and Level Annotations

Branches:
Dungeon (10/15)            Temple (0/1) D:6            Lair (1/6) D:10
    Orc (0/2) D:9           Sewer (visited)          Bailey (visited)

Altars:
Ashenzari
Fedhas
Kikubaaqudgha
Nemelex Xobeh
Vehumet
Xom
Yredelemnul
Zin
The Shining One
Beogh

Shops:
D:4 [


Innate Abilities, Weirdness & Mutations

You have a pair of horns on your head.
You reflexively headbutt those who attack you in melee.


Message History

You feel extremely sick. The black mamba bites you. x2
You hit the black mamba. You headbutt the black mamba.
The black mamba is lightly wounded.
You feel extremely sick. The black mamba bites you!
* * * LOW HITPOINT WARNING * * *
The black mamba bites you!
* * * LOW HITPOINT WARNING * * *
You are more poisoned.
The black mamba poisons you!
You feel better. The black mamba completely misses you.
You furiously retaliate!
You headbutt the black mamba! The black mamba barely misses you.
A red film seems to cover your vision as you go berserk!
You feel yourself moving faster!
You feel mighty! The black mamba bites you.
* * * LOW HITPOINT WARNING * * *
The black mamba barely misses you.
You barely miss the black mamba.
The black mamba is heavily wounded.
The black mamba bites you.
* * * LOW HITPOINT WARNING * * *
You are poisoned.
The black mamba poisons you!
You miss the black mamba. Your headbutt misses the black mamba.
The black mamba is heavily wounded.
You feel very sick. The black mamba bites you!
* * * LOW HITPOINT WARNING * * *
You are lethally poisoned!
The black mamba poisons you! The black mamba barely misses you.
You completely miss the black mamba. You headbutt the black mamba!
The black mamba is severely wounded.
* * * LOW HITPOINT WARNING * * *
You feel very sick. The black mamba bites you!
* * * LOW HITPOINT WARNING * * *
You closely miss the black mamba. Your headbutt misses the black mamba.
The black mamba is severely wounded.
You die...

#.......### .....#.#
##........###.##....
##............#...#
#.................###
##..............#...##..
####......................
#..#......................
#..............S#........
##.............@#........
#..............#.......$
#.......................
###................#.#....
#.........<....#....#.....
##.......................
##....................
#P........#...#....
##........##...##..


You could see a black mamba.

Vanquished Creatures
  A hydra (D:10)
  A two-headed ogre (D:9)
  An ugly thing (D:9)
  Joseph (D:7)
  A cane toad (Lair:1)
  2 komodo dragons
  Sigmund (D:2)
  A wyvern (D:9)
  8 yaks
  A basilisk (Lair:1)
  Grum (D:6)
  3 water moccasins
  4 black bears
  13 orc warriors
  2 ogres
  2 sky beasts
  2 ice beasts (D:6)
  3 centaurs (D:9)
  2 necrophages
  A wolf (D:6)
  Blork the orc (D:6)
  A kobold brigand (D:9)
  2 scorpions
  6 gnoll sergeants
  A bullfrog (D:9)
  2 water moccasin skeletons
  A killer bee (D:6)
  9 wights
  4 electric eels
  A howler monkey (D:10)
  3 bullfrog zombies
  A spectral centaur (D:9)
  2 centaur zombies (D:10)
  15 hounds
  2 jellies
  11 orc priests
  2 gnoll shamans
  A bullfrog skeleton (D:5)
  4 centaur skeletons
  4 iguanas
  7 orc wizards
  Ijyb (D:3)
  Terence (D:2)
  2 killer bee zombies (D:8)
  A centaur simulacrum (D:9)
  A hound zombie (D:5)
  20 gnolls
  12 adders
  3 howler monkey skeletons
  2 shadow imps
  A white imp (D:5)
  A worm (D:2)
  4 dart slugs
  48 orcs
  8 ball pythons
  5 bats
  3 endoplasms
  7 giant cockroaches
  5 goblins
  7 hobgoblins
  12 jackals
  8 kobolds
  3 quokkas
  13 frilled lizards
  9 rats
308 creatures vanquished.

Vanquished Creatures (others)
  50 plants
  A withered plant (D:10)
51 creatures vanquished.

Grand Total: 359 creatures vanquished

Notes
Turn   | Place    | Note
-------+----------+-------------------------------------------
     0 | D:1      | dtburroughs the Minotaur Berserker began the quest for the
                  | Orb.
     0 | D:1      | Reached XP level 1. HP: 19/19 MP: 0/0
   223 | D:1      | Reached XP level 2. HP: 27/27 MP: 1/1
   482 | D:1      | You fall into a shaft and drop 1 floor!
   610 | D:2      | Reached XP level 3. HP: 28/33 MP: 2/2
  1086 | D:2      | Found a broken altar of Ashenzari.
  1088 | D:2      | Noticed Terence
  1099 | D:2      | Killed Terence
  1364 | D:2      | Reached ** piety under Trog
  1365 | D:2      | Reached XP level 4. HP: 23/41 MP: 3/3
  1539 | D:2      | Noticed Sigmund
  1551 | D:2      | Killed Sigmund
  1552 | D:2      | Reached skill level 5 in Fighting
  1552 | D:2      | Reached skill level 5 in Axes
  1552 | D:2      | Reached XP level 5. HP: 48/48 MP: 4/4
  1913 | D:3      | Reached XP level 6. HP: 23/56 MP: 5/5
  2245 | D:3      | Noticed a water moccasin
  2254 | D:3      | Killed a water moccasin
  2393 | D:3      | Noticed Ijyb
  2490 | D:3      | Killed Ijyb
  2491 | D:3      | Reached XP level 7. HP: 52/62 MP: 6/6
  2714 | D:3      | Found a faded altar of an unknown god.
  2852 | D:4      | Found a blossoming altar of Fedhas.
  2924 | D:4      | Reached skill level 5 in Armour
  3286 | D:4      | Found an ancient bone altar of Kikubaaqudgha.
  3311 | D:4      | Reached *** piety under Trog
  3551 | D:4      | Reached skill level 5 in Dodging
  3754 | D:4      | Found Igot's Antique Armour Boutique.
  3760 | D:4      | Bought a shiny buckler for 165 gold pieces
  3861 | D:5      | Entered Level 5 of the Dungeon
  3874 | D:5      | Found a glowing drain.
  3893 | Sewer    | Entered a sewer
  4753 | D:5      | Reached skill level 1 in Shields
  4818 | D:5      | Reached skill level 1 in Evocations
  5003 | D:5      | Reached XP level 8. HP: 71/71 MP: 7/7
  5576 | D:5      | Reached **** piety under Trog
  5861 | D:6      | Noticed Blork the orc
  5863 | D:6      | Found a staircase to the Ecumenical Temple.
  5869 | D:6      | Killed Blork the orc
  5995 | D:6      | Found a radiant altar of Vehumet.
  6282 | D:6      | Reached XP level 9. HP: 67/79 MP: 8/8
  7386 | D:6      | Noticed Grum
  7391 | D:6      | Killed Grum
  7693 | D:7      | Reached ***** piety under Trog
  7694 | D:7      | Reached skill level 5 in Shields
  7826 | D:7      | Found a glowing golden altar of the Shining One.
  7852 | D:7      | Identified the +1 robe of the Catamount {MP+9 Str+5}
  8022 | D:7      | Noticed a komodo dragon
  8050 | D:7      | Killed a komodo dragon
  8524 | D:7      | Noticed Joseph
  8529 | D:7      | Killed Joseph
  8530 | D:7      | Reached XP level 10. HP: 61/90 MP: 9/9
  9339 | D:8      | Found a glowing silver altar of Zin.
  9339 | D:8      | Found a shimmering altar of Xom.
  9339 | D:8      | Noticed an angel
  9917 | D:9      | Identified the +0 ring mail "Danyikh" {*Corrode rPois Str+5
                  | Dex+2}
 10037 | D:9      | Noticed a two-headed ogre
 10041 | D:9      | Noticed a white ugly thing
 10318 | D:9      | Killed a white ugly thing
 10320 | D:9      | Killed a two-headed ogre
 10321 | D:9      | Reached skill level 5 in Evocations
 10724 | D:9      | Found a staircase to the Orcish Mines.
 11093 | D:9      | Reached XP level 11. HP: 29/97 MP: 10/10
 11458 | D:9      | Found a basalt altar of Yredelemnul.
 11988 | D:10     | Entered Level 10 of the Dungeon
 12583 | D:10     | Found a flagged portal.
 12592 | Bailey   | Entered a bailey
 13113 | D:10     | Found a sparkling altar of Nemelex Xobeh.
 13146 | D:10     | Found a broken altar of Ashenzari.
 13168 | D:10     | Received a gift from Trog
 13425 | D:10     | Found a staircase to the Lair.
 13882 | Lair:1   | Entered Level 1 of the Lair of Beasts
 14097 | Lair:1   | Reached skill level 10 in Fighting
 14097 | Lair:1   | Reached skill level 10 in Axes
 14493 | Lair:1   | Noticed a five-headed hydra
 14540 | D:10     | Killed a five-headed hydra
 14747 | Lair:1   | HP: 5/148 [black mamba (7)]
 14748 | Lair:1   | Succumbed to a black mamba's poison

Illustrated notes

Levels and vault maps discovered:
D:1:      wander_arrival_chamber, layout_basic, st_stairs_5
D:2:      layout_basic, basic_altar, chequers_serial_rivers_small_b,
          minmay_cupped, uniq_terence, uniq_sigmund
D:3:      layout_rooms, dreamdust_ecumenical_altar_hidden_monk_grotto, uniq_ijyb
D:4:      layout_gridville, amcnicky_altar_gilded, mainiacjoe_overflow_brackets,
          serial_shops, nicolae_shop_trees
D:5:      layout_cave_pods, portal_sewer_entry_a, serial_column_ruins,
          column_ruins_hut, column_ruins_hut_pillars,
          column_ruins_columns_straight, column_ruins_grid_3,
          column_ruins_open_small, column_ruins_columns_straight,
          column_ruins_corridor_straight, guppyfry_early_lair_pool
D:6:      layout_cave_pools, old_standard_altar, temple_doors_e,
          serial_gnoll_camp, gnoll_camp_mini_basic, gnoll_camp_medium_02,
          grums_kennel, gnoll_camp_mini_house, gnoll_camp_mini_hut,
          minmay_misc_feat_rows, minmay_fractal_squares_gapless_5,
          uniq_blork_the_orc
D:7:      layout_rooms, mainiacjoe_overflow_cross_hatched, minmay_lizard_king,
          uniq_joseph
D:8:      layout_gridville, grunt_temple_overflow_order_and_chaos_1,
          dk_rats_in_the_wall
D:9:      minmay_opposing_rooms, layout_basic,
          mainiacjoe_overflow_six_doors_small, david_orc_5,
          hangedman_weighted_door, serial_bayou_lagoon_a, minmay_holes
D:10:     layout_basic, nemelex_altar_shiori, cheibrodos_ashenzari_chains,
          dpeg_oklobed_lair, serial_undead, serial_undead_f, serial_undead_c,
          serial_undead_d, serial_undead_d, enter_bailey_6, glass_columns_a
Lair:1:   layout_cave_shapes, chequers_serial_rivers_room_b,
          columned_hall_lemuel

Skill      XL: |  1  2  3  4  5  6  7  8  9 10 11 |
---------------+----------------------------------+-----
Fighting       | 4 5 6 7 8 9 10 | 10.1
Axes           | 4 5 6 7 8 9 10 | 10.1
Armour         | 3 4 5 6 8 9 |  9.6
Dodging        | 3 4 5 6 7 8 9 |  9.1
Shields        | 1 3 5 7 |  7.9
Evocations     | 1 2 4 5 |  5.9

Action                   |  1- 3 |  4- 6 |  7- 9 | 10-12 || total
-------------------------+-------+-------+-------+-------++-------
Melee: Hand axe          |    69 |    67 |   265 |   416 ||   817
       Headbutt          |    11 |    14 |    81 |   115 ||   221
       War axe           |       |       |   152 |       ||   152
       Morningstar       |       |       |       |    16 ||    16
       Battleaxe         |       |       |       |    12 ||    12
Invok: Berserk           |     1 |     2 |     2 |     4 ||     9
       Trog's Hand       |       |       |     3 |     5 ||     8
Evoke: Wand              |       |       |     5 |       ||     5
  Use: Potion            |       |       |     1 |     1 ||     2
       Scroll            |       |       |       |     9 ||     9
Armor: Animal skin       |     2 |       |       |       ||     2
       Ring mail         |    17 |    32 |     4 |       ||    53
       Plate armour      |       |       |   250 |   247 ||   497
Dodge: Dodged            |    42 |    53 |   175 |   134 ||   404
Block: Buckler           |       |       |    96 |   126 ||   222
